 Dungeon Crawl Stone Soup version 0.29-a0-1052-g6990b1bffc (webtiles) character file.

Game seed: 13012359126075614937

4 Plasmagod the Chopper (level 1, -2/20 HPs)
             Began as a Hill Orc Monk on Aug 17, 2022.
             Slain by a hobgoblin (4 damage)
             ... on level 2 of the Dungeon.
             The game lasted 00:01:05 (160 turns).

Plasmagod the Chopper (Hill Orc Monk)                Turns: 160, Time: 00:01:06

Health: -2/20      AC:  2    Str: 13    XL:     1   Next: 70%
Magic:  1/1        EV: 12    Int: 10    God:
Gold:   12         SH:  0    Dex: 13    Spells: 0/0 levels left

rFire   . . .      SeeInvis .   a - +0 hand axe
rCold   . . .      Faith    .   (no shield)
rNeg    . . .      Spirit   .   b - +0 robe
rPois   .          Reflect  .   (no helmet)
rElec   .          Harm     .   (no cloak)
rCorr   .          Rampage  .   (no gloves)
Will    .....                   (no boots)
Stlth   ++........              (no amulet)
HPRegen 0.06/turn               (no ring)
MPRegen 0.07/turn               (no ring)

@: no status effects
A: no striking features
a: no special abilities


You were on level 2 of the Dungeon.
You visited 1 branch of the dungeon, and saw 2 of its levels.

You collected 12 gold pieces.

Inventory:

Hand Weapons
 a - a +0 hand axe (weapon)
Armour
 b - a +0 robe (worn)
Scrolls
 d - a scroll of fog {unknown}
 e - a scroll of fear {unknown}
Potions
 c - a potion of ambrosia
 f - a potion of curing {unknown}


   Skills:
 - Level 3.6 Fighting
 + Level 4.3 Axes
 - Level 2.4 Dodging
 - Level 1.6 Stealth


You couldn't memorise any spells.
You didn't know any spells.
Your spell library was empty.

Dungeon Overview and Level Annotations

Branches:
Dungeon (1/15)

Altars:


Message History

The quokka is severely wounded.
You closely miss the hobgoblin. The quokka bites you.
The hobgoblin barely misses you.
You miss the quokka.
The quokka is severely wounded.
You barely miss the quokka. You barely miss the hobgoblin.
The hobgoblin misses you. The quokka closely misses you.
The quokka bites you but does no damage.
You closely miss the quokka.
The quokka is severely wounded.
You barely miss the quokka. You hit the hobgoblin but do no damage.
The quokka bites you but does no damage. x2
The hobgoblin hits you.
You hit the quokka.
You kill the quokka!
You closely miss the quokka. You hit the hobgoblin but do no damage.
The quokka barely misses you. The hobgoblin barely misses you.
The quokka barely misses you.
You closely miss the hobgoblin. You barely miss the quokka.
The hobgoblin hits you. The quokka closely misses you.
You hit the hobgoblin but do no damage. You hit the quokka but do no damage.
You hit the dart slug. The hobgoblin hits you. The quokka barely misses you.
The dart slug launches a dart at you. The slug dart misses you.
You hit the dart slug.
The dart slug is severely wounded.
You hit the hobgoblin but do no damage. You barely miss the quokka.
The quokka misses you. The hobgoblin hits you.
The dart slug closely misses you.
You hit the dart slug but do no damage.
The dart slug is severely wounded.
You closely miss the quokka. You hit the hobgoblin but do no damage.
The quokka closely misses you. The hobgoblin closely misses you.
The quokka bites you.
* * * LOW HITPOINT WARNING * * *
You hit the dart slug.
You kill the dart slug!
You miss the quokka. You hit the hobgoblin but do no damage.
The hobgoblin hits you.
You die...

##+## ..# ##...## #.#
##.....## ###.#
#..#.r.....## ##.#.#
#..wg@.....####....#
#..........'.......#
$!.#.........####....###
. #........## ##......
#..#.....## ##....###
#..###...## #.#.#.# #
...# ##+## #.#...# # .##
#.#.#.# # ##...## #


You could see a dart slug, a quokka and a hobgoblin.

Vanquished Creatures
  A dart slug (D:2)
  An endoplasm (D:1)
  A kobold (D:1)
  A quokka (D:2)
  A frilled lizard (D:1)
5 creatures vanquished.

Notes
Turn   | Place    | Note
-------+----------+-------------------------------------------
     0 | D:1      | Plasmagod the Hill Orc Monk began the quest for the Orb.
     0 | D:1      | Reached XP level 1. HP: 19/19 MP: 1/1
   113 | D:1      | You fall into a shaft and drop 1 floor!
   160 | D:2      | Slain by a hobgoblin

Illustrated notes

Levels and vault maps discovered:
D:1:      scummos_arrival_simple_crosswalls, layout_loops_ring,
          minmay_misc_feat_x
D:2:      layout_loops_corners, roderic_cross_of_infinity, minmay_heptomino_w4

Action                   || total
-------------------------++-------
Melee: Hand axe          ||    16
Armor: Robe              ||     3
Dodge: Dodged            ||    14

Table legend: (Time is in decaauts)
 A = Elapsed time spent in this place.
 B = Non-inter-level travel time spent in this place.
 C = Inter-level travel time spent in this place.
 D = Time resting spent in this place.
 E = Time spent auto-exploring this place.
 F = Levels seen in this place.
 G = Mean time per level.
                   A        B        C        D        E       F      G
               +--------+--------+--------+--------+--------+-----+--------+
         Total |    161 |    161 |      0 |      0 |    128 |   2 |   80.5 |
       Dungeon |    161 |    161 |      0 |      0 |    128 |   2 |   80.5 |
               +--------+--------+--------+--------+--------+-----+--------+

Top non-repeatable levels by time:
     D:1: 113 daAuts
     D:2: 47 daAuts
